TOP OF THE 1ST |
Aberdeen Ironbirds batting - Pitching for Spokane Indians : RHP Derek White
|
Pitching: RHP Derek White
|
|
Batting: RHB Ryan Bentz
|
0-0: Bunted foul 0-1: Ball 1-1: Swinging Strike 1-2: Foul Ball, location: 2F 1-2: Hit by Pitch
|
Batting: RHB Heihachiro Fujita
|
0-0: Ball 1-0: Called Strike 1-1: Ball 2-1: Fly out, F8 (Flyball, 8LD, EV 90.6 MPH)
|
Batting: RHB Chris McGuirk
|
0-0: Ball Ryan Bentz is caught stealing 2nd base 2-4 1-0: Foul Ball, location: 2F 1-1: SINGLE (Groundball, 56D, EV 103.1 MPH)
|
Batting: RHB Han-seung Hah
|
0-0: Called Strike 0-1: Fly out, F9 (Flyball, 9, EV 86.9 MPH)
|
Top of the 1st over - 0 runs, 1 hit, 0 errors, 1 left on base; Aberdeen 0 - Spokane 0 |
BOTTOM OF THE 1ST |
Spokane Indians batting - Pitching for Aberdeen Ironbirds : LHP Jeff Glover
|
Pitching: LHP Jeff Glover
|
|
Batting: RHB Ron Corn
|
0-0: Ball 1-0: Foul Ball, location: 2F 1-1: Called Strike 1-2: Ground out 3-1 (Groundball, 34, EV 92.5 MPH)
|
Batting: SHB Brace Harper
|
0-0: Called Strike 0-1: Ball 1-1: DOUBLE (Line Drive, 89M, EV 99.4 MPH)
|
Batting: LHB Yasahiko Teshima
|
0-0: Called Strike 0-1: SINGLE (Flyball, 3D, EV 91.9 MPH) Brace Harper to third
|
Batting: RHB Dale Aubrey
|
0-0: Called Strike 0-1: Ball 1-1: Ball 2-1: Called Strike 2-2: Ball 3-2: Base on Balls Yasahiko Teshima to second
|
Batting: LHB Matt Patnaude
|
0-0: Called Strike 0-1: Foul Ball, location: 2F 0-2: Ball 1-2: Ball 2-2: Strikes out swinging
|
Batting: RHB Victor Moya
|
0-0: Swinging Strike 0-1: Swinging Strike 0-2: Ball 1-2: Foul Ball, location: 2F 1-2: Strikes out swinging
|
Bottom of the 1st over - 0 runs, 2 hits, 0 errors, 3 left on base; Aberdeen 0 - Spokane 0 |
TOP OF THE 2ND |
Aberdeen Ironbirds batting - Pitching for Spokane Indians : RHP Derek White
|
Batting: LHB Chris Cohen
|
0-0: Foul Ball, location: 2F 0-1: Ball 1-1: Foul Ball, location: 2F 1-2: Foul Ball, location: 2F 1-2: Ball 2-2: Foul Ball, location: 2F 2-2: Ball 3-2: Base on Balls
|
Batting: RHB Luis Roman
|
0-0: Ball 1-0: Fly out, F9 (Flyball, 9S, EV 83.1 MPH)
|
Batting: LHB Bryan Davidson
|
0-0: Foul Ball, location: 2F 0-1: Foul Ball, location: 2F 0-2: Ball 1-2: SINGLE (Groundball, 5D, EV 103.1 MPH) Chris Cohen to second
|
Batting: LHB Danny Schultz
|
0-0: Ball 1-0: Fielders Choice at 2nd, 3-6 (Groundball, 3, EV 83.1 MPH) Chris Cohen to third
|
Batting: LHB Ivan Alvarez
|
0-0: Ball 1-0: Ball 2-0: Foul Ball, location: 2F 2-1: Foul Ball, location: 2F 2-2: Strikes out swinging
|
Top of the 2nd over - 0 runs, 1 hit, 0 errors, 2 left on base; Aberdeen 0 - Spokane 0 |
BOTTOM OF THE 2ND |
Spokane Indians batting - Pitching for Aberdeen Ironbirds : LHP Jeff Glover
|
Batting: RHB Mike Strey
|
0-0: Fly out, F8 (Flyball, 89M, EV 89.4 MPH)
|
Batting: RHB Rick Concha
|
0-0: Ball 1-0: Ball 2-0: Ball 3-0: Base on Balls
|
Batting: RHB Gabe Almazan
|
0-0: Ball 1-0: Foul Ball, location: 2F 1-1: Swinging Strike 1-2: Reached on error, E5 (Groundball, 56S, EV 91.9 MPH) Rick Concha to second
|
Batting: RHB Ron Corn
|
0-0: Ball 1-0: Ball 2-0: Called Strike 2-1: Ball 3-1: 3-RUN HOME RUN (Flyball, 9LD, EV 95.6 MPH), Distance : 334 ft
|
Batting: SHB Brace Harper
|
0-0: Ball 1-0: Called Strike 1-1: Ball 2-1: Foul Ball, location: 2F 2-2: Foul Ball, location: 2F 2-2: Ball 3-2: Fly out, F9 (Flyball, 89S, EV 90.0 MPH)
|
Batting: LHB Yasahiko Teshima
|
0-0: Ball 1-0: DOUBLE (Line Drive, 9LS, EV 91.9 MPH)
|
Batting: RHB Dale Aubrey
|
0-0: Ball 1-0: Ball 2-0: Called Strike 2-1: Ball 3-1: Base on Balls
|
Batting: LHB Matt Patnaude
|
0-0: Ball 1-0: Ball 2-0: Called Strike 2-1: Foul Ball, location: 2F 2-2: Reached on error, E4 (Groundball, 4, EV 81.2 MPH) Yasahiko Teshima to third Dale Aubrey to second
|
Batting: RHB Victor Moya
|
0-0: Swinging Strike 0-1: Ball 1-1: Called Strike 1-2: Ball 2-2: Ball 3-2: Base on Balls Yasahiko Teshima scores Dale Aubrey to third Matt Patnaude to second
|
Batting: RHB Mike Strey
|
0-0: Ball 1-0: Ball 2-0: Ball 3-0: Base on Balls Dale Aubrey scores Matt Patnaude to third Victor Moya to second
|
Pitching: RHP Mark Lloyd
|
|
Batting: RHB Rick Concha
|
0-0: Ball 1-0: Ball 2-0: Fielders Choice at 2nd, 5-4 (Groundball, 5, EV 81.2 MPH)
|
Bottom of the 2nd over - 5 runs, 2 hits, 2 errors, 3 left on base; Aberdeen 0 - Spokane 5 |
TOP OF THE 3RD |
Aberdeen Ironbirds batting - Pitching for Spokane Indians : RHP Derek White
|
Batting: RHB Ryan Bentz
|
0-0: Called Strike 0-1: Called Strike 0-2: Strikes out swinging
|
Batting: RHB Heihachiro Fujita
|
0-0: Called Strike 0-1: Ball 1-1: Foul Ball, location: 2F 1-2: Ground out 4-3 (Groundball, 4, EV 105.6 MPH)
|
Batting: RHB Chris McGuirk
|
0-0: Called Strike 0-1: Ball 1-1: Ball 2-1: Foul Ball, location: 2F 2-2: Foul Ball, location: 2F 2-2: Ball 3-2: Strikes out looking
|
Top of the 3rd over - 0 runs, 0 hits, 0 errors, 0 left on base; Aberdeen 0 - Spokane 5 |
BOTTOM OF THE 3RD |
Spokane Indians batting - Pitching for Aberdeen Ironbirds : RHP Mark Lloyd
|
Batting: RHB Gabe Almazan
|
0-0: Ball 1-0: SOLO HOME RUN (Flyball, 7D, EV 97.5 MPH), Distance : 369 ft
|
Batting: RHB Ron Corn
|
0-0: Ball 1-0: Foul Ball, location: 2F 1-1: Swinging Strike 1-2: Foul Ball, location: 2F 1-2: Strikes out swinging
|
Batting: SHB Brace Harper
|
0-0: Called Strike 0-1: Ball 1-1: Swinging Strike 1-2: Strikes out swinging
|
Batting: LHB Yasahiko Teshima
|
0-0: Ball 1-0: Called Strike 1-1: Ground out 4-3 (Groundball, 34D, EV 107.5 MPH)
|
Bottom of the 3rd over - 1 run, 1 hit, 0 errors, 0 left on base; Aberdeen 0 - Spokane 6 |
TOP OF THE 4TH |
Aberdeen Ironbirds batting - Pitching for Spokane Indians : RHP Derek White
|
Batting: RHB Han-seung Hah
|
0-0: Ball 1-0: Called Strike 1-1: Called Strike 1-2: Strikes out swinging
|
Batting: LHB Chris Cohen
|
0-0: Called Strike 0-1: Foul Ball, location: 2F 0-2: Strikes out swinging, 2-3 out at first.
|
Batting: RHB Luis Roman
|
0-0: Ball 1-0: Swinging Strike 1-1: Called Strike 1-2: Foul Ball, location: 2F 1-2: Strikes out looking
|
Top of the 4th over - 0 runs, 0 hits, 0 errors, 0 left on base; Aberdeen 0 - Spokane 6 |
BOTTOM OF THE 4TH |
Spokane Indians batting - Pitching for Aberdeen Ironbirds : RHP Mark Lloyd
|
Batting: RHB Dale Aubrey
|
0-0: Ball 1-0: Fly out, F6 (Popup, 6MD, EV 61.9 MPH)
|
Batting: LHB Matt Patnaude
|
0-0: Ball 1-0: Ball 2-0: Swinging Strike 2-1: Swinging Strike 2-2: Strikes out swinging
|
Batting: RHB Victor Moya
|
0-0: Ball 1-0: SOLO HOME RUN (Flyball, 8LXD, EV 115.6 MPH), Distance : 451 ft
|
Batting: RHB Mike Strey
|
0-0: Called Strike 0-1: Ball 1-1: Foul Ball, location: 2F 1-2: Ball 2-2: Strikes out looking
|
Bottom of the 4th over - 1 run, 1 hit, 0 errors, 0 left on base; Aberdeen 0 - Spokane 7 |
TOP OF THE 5TH |
Aberdeen Ironbirds batting - Pitching for Spokane Indians : RHP Derek White
|
Batting: LHB Bryan Davidson
|
0-0: Swinging Strike 0-1: Ground out 4-3 (Groundball, 4, EV 106.2 MPH)
|
Batting: LHB Danny Schultz
|
0-0: Foul Ball, location: 2F 0-1: SINGLE (Groundball, 56S, EV 64.4 MPH) (infield hit)
|
Batting: LHB Ivan Alvarez
|
0-0: Called Strike Danny Schultz is caught stealing 2nd base 2-6 0-1: Swinging Strike 0-2: Strikes out swinging
|
Top of the 5th over - 0 runs, 1 hit, 0 errors, 0 left on base; Aberdeen 0 - Spokane 7 |
BOTTOM OF THE 5TH |
Spokane Indians batting - Pitching for Aberdeen Ironbirds : RHP Mark Lloyd
|
Batting: RHB Rick Concha
|
0-0: SINGLE (Groundball, 56D, EV 103.8 MPH)
|
Batting: RHB Gabe Almazan
|
0-0: Called Strike 0-1: Ball 1-1: Ball Rick Concha steals 2nd base 2-1: Foul Ball, location: 2F 2-2: Reached on error, E6 (Groundball, 6S, EV 93.1 MPH) Rick Concha to third
|
Batting: RHB Ron Corn
|
0-0: Ball 1-0: Ball 2-0: Ball 3-0: Called Strike 3-1: Base on Balls Gabe Almazan to second
|
Batting: SHB Brace Harper
|
0-0: Called Strike 0-1: Called Strike 0-2: Strikes out swinging
|
Batting: LHB Yasahiko Teshima
|
0-0: Called Strike 0-1: Fly out, F8 (Flyball, 8LD, EV 81.9 MPH) Runner from 3rd tags up, SCORES, throw by CF
|
Batting: RHB Dale Aubrey
|
0-0: DOUBLE (Line Drive, 7LS, EV 95.6 MPH) Gabe Almazan scores Ron Corn to third Runner from 3rd tries for Home, SAFE, throw by LF to home
|
Batting: LHB Matt Patnaude
|
0-0: Swinging Strike 0-1: Foul Ball, location: 2F 0-2: Ball 1-2: Strikes out swinging
|
Bottom of the 5th over - 3 runs, 2 hits, 1 error, 1 left on base; Aberdeen 0 - Spokane 10 |
TOP OF THE 6TH |
Aberdeen Ironbirds batting - Pitching for Spokane Indians : RHP Derek White
|
Batting: RHB Ryan Bentz
|
0-0: Foul Ball, location: 2F 0-1: Fly out, F5 (Popup, 6S, EV 75.6 MPH)
|
Batting: RHB Heihachiro Fujita
|
0-0: Called Strike 0-1: Foul Ball, location: 2F 0-2: Ball 1-2: Foul Ball, location: 2F 1-2: Strikes out swinging
|
Batting: RHB Chris McGuirk
|
0-0: Foul Ball, location: 2F 0-1: Foul Ball, location: 2F 0-2: Ball 1-2: Foul Ball, location: 2F 1-2: Ball 2-2: Ball 3-2: SINGLE (Line Drive, 34D, EV 95.0 MPH)
|
Batting: RHB Han-seung Hah
|
0-0: SINGLE (Line Drive, 9S, EV 91.9 MPH) Chris McGuirk to second Runner from 2nd tries for 3rd, SAFE, throw by RF made to third
|
Batting: LHB Chris Cohen
|
0-0: Ball 1-0: Ball 2-0: Ground out 4-3 (Groundball, 34, EV 85.6 MPH)
|
Top of the 6th over - 0 runs, 2 hits, 0 errors, 2 left on base; Aberdeen 0 - Spokane 10 |
BOTTOM OF THE 6TH |
Spokane Indians batting - Pitching for Aberdeen Ironbirds : RHP Mark Lloyd
|
Batting: RHB Victor Moya
|
0-0: Ball 1-0: Called Strike 1-1: Foul Ball, location: 2F 1-2: Ball 2-2: Ground out 1-3 (Groundball, 13S, EV 68.1 MPH)
|
Batting: RHB Mike Strey
|
0-0: Called Strike 0-1: Fly out, F8 (Flyball, 8RD, EV 90.6 MPH)
|
Pitching: RHP Andrew Telles
|
|
Batting: RHB Rick Concha
|
0-0: Swinging Strike 0-1: Swinging Strike 0-2: Strikes out swinging
|
Bottom of the 6th over - 0 runs, 0 hits, 0 errors, 0 left on base; Aberdeen 0 - Spokane 10 |
TOP OF THE 7TH |
Aberdeen Ironbirds batting - Pitching for Spokane Indians : RHP Derek White
|
Batting: RHB Luis Roman
|
0-0: Ball 1-0: Ball 2-0: Foul Ball, location: 2F 2-1: Ground out 5-3 (Groundball, 5S, EV 80.6 MPH)
|
Batting: LHB Bryan Davidson
|
0-0: Called Strike 0-1: Ball 1-1: Foul Ball, location: 2F 1-2: Strikes out swinging
|
Batting: LHB Danny Schultz
|
0-0: Called Strike 0-1: Ball 1-1: Ball 2-1: Fly out, F8 (Flyball, 89D, EV 109.4 MPH)
|
Top of the 7th over - 0 runs, 0 hits, 0 errors, 0 left on base; Aberdeen 0 - Spokane 10 |
BOTTOM OF THE 7TH |
Spokane Indians batting - Pitching for Aberdeen Ironbirds : RHP Andrew Telles
|
Pinch Hitting: RHB Johannes Gutermuth
|
0-0: Ball 1-0: Fly out, F9 (Flyball, 89M, EV 88.8 MPH)
|
Batting: RHB Ron Corn
|
0-0: Called Strike 0-1: Fly out, F4 (Popup, 4M, EV 53.8 MPH)
|
Batting: SHB Brace Harper
|
0-0: Foul Ball, location: 2F 0-1: Swinging Strike 0-2: Foul Ball, location: 2F 0-2: Ball 1-2: Ground out 1-3 (Groundball, 13S, EV 71.9 MPH)
|
Bottom of the 7th over - 0 runs, 0 hits, 0 errors, 0 left on base; Aberdeen 0 - Spokane 10 |
TOP OF THE 8TH |
Aberdeen Ironbirds batting - Pitching for Spokane Indians : RHP Derek White
|
Now at 2B: Rick Concha
|
|
Now at 3B: Johannes Gutermuth
|
|
Now in LF: Nick Solberg
|
|
Batting: LHB Ivan Alvarez
|
0-0: Ball 1-0: Called Strike 1-1: Ball 2-1: Called Strike 2-2: Ball 3-2: TRIPLE (Line Drive, 9LD, EV 108.8 MPH)
|
Pitching: RHP Victor Nunez
|
|
Batting: RHB Ryan Bentz
|
0-0: Swinging Strike 0-1: Ball 1-1: Foul Ball, location: 2F 1-2: Ground out 6-3 (Groundball, 56, EV 105.0 MPH) Ivan Alvarez scores
|
Batting: RHB Heihachiro Fujita
|
0-0: Ball 1-0: Fly out, F7 (Flyball, 7S, EV 86.2 MPH)
|
Batting: RHB Chris McGuirk
|
0-0: Called Strike 0-1: Ball 1-1: Ball 2-1: Foul Ball, location: 2F 2-2: Ground out 6-3 (Groundball, 6M, EV 106.2 MPH)
|
Top of the 8th over - 1 run, 1 hit, 0 errors, 0 left on base; Aberdeen 1 - Spokane 10 |
BOTTOM OF THE 8TH |
Spokane Indians batting - Pitching for Aberdeen Ironbirds : RHP Andrew Telles
|
Batting: LHB Yasahiko Teshima
|
0-0: Swinging Strike 0-1: Foul Ball, location: 2F 0-2: Ball 1-2: Ground out 4-3 (Groundball, 4, EV 89.4 MPH)
|
Batting: RHB Dale Aubrey
|
0-0: Ball 1-0: Foul Ball, location: 2F 1-1: Called Strike 1-2: Ground out 6-3 (Groundball, 6, EV 108.8 MPH)
|
Batting: LHB Matt Patnaude
|
0-0: Called Strike 0-1: Called Strike 0-2: Ball 1-2: Ball 2-2: Ball 3-2: Base on Balls
|
Batting: RHB Victor Moya
|
0-0: SINGLE (Groundball, 6MD, EV 96.9 MPH) Matt Patnaude to second Runner from 2nd tries for 3rd, SAFE, throw by CF made to third
|
Batting: RHB Mike Strey
|
0-0: Ball 1-0: Ball 2-0: Called Strike 2-1: Swinging Strike 2-2: Foul Ball, location: 2F 2-2: Foul Ball, location: 2F 2-2: Ball 3-2: Strikes out looking
|
Bottom of the 8th over - 0 runs, 1 hit, 0 errors, 2 left on base; Aberdeen 1 - Spokane 10 |
TOP OF THE 9TH |
Aberdeen Ironbirds batting - Pitching for Spokane Indians : RHP Victor Nunez
|
Batting: RHB Han-seung Hah
|
0-0: Called Strike 0-1: Ground out 5-3 (Groundball, 56, EV 76.2 MPH)
|
Batting: LHB Chris Cohen
|
0-0: Called Strike 0-1: Swinging Strike 0-2: Strikes out swinging
|
Batting: RHB Luis Roman
|
0-0: Foul Ball, location: 2F 0-1: Ball 1-1: Foul Ball, location: 2F 1-2: Foul Ball, location: 2F 1-2: Ball 2-2: Foul Ball, location: 2F 2-2: Strikes out swinging
|
Top of the 9th over - 0 runs, 0 hits, 0 errors, 0 left on base; Aberdeen 1 - Spokane 10 |
|